Map: Bridgehead LE (Void)

Players

Javert - Winner!

  • Race: Zerg Zerg
  • League: Silver

Tesla

  • Race: Zerg Zerg
  • League: Silver

VOD

Have the link to the VOD?

Description

Time

  • Played on: July 20, 2015, 1:06 a.m.
  • Length: 15:48
Show
View Real Time Build Order
Export as new Build Order

Javert Zerg - Winner!

Build Orders: Hatch First, Lurkers 

Get SALT Encoding   

  12  0:01  Drone  
  13  0:12  Overlord  
  13  0:17  Drone  
  14  0:31  Drone x2  
  14  0:35  Drone  
  17  0:55  Drone  
  17  0:56  Hatchery  
  17  0:57  Extractor  
  17  1:02  Drone  
  17  1:07  Drone  
  18  1:22  Spawning Pool  
  18  1:23  Drone  
  18  1:28  Drone  
  19  1:39  Drone  
  20  1:49  Overlord  
  20  2:01  Drone  
  21  2:08  Metabolic Boost  
  21  2:10  Queen  
  21  2:11  Queen  
  21  2:14  Zergling x4  
  27  2:21  Drone  
  27  2:22  Drone  
  29  2:35  Drone x2  
  31  2:43  Drone x2  
  33  2:52  Drone  
  33  2:57  Overlord  
  34  3:07  Drone x2  
  36  3:23  Drone x6  
  36  3:24  Drone x2  
  44  3:31  Overlord x2  
  43  3:45  Queen  
  44  3:48  Extractor  
  44  3:49  Overlord  
  44  3:50  Extractor  
  44  3:51  Lair  
  42  3:55  Hatchery  
  42  3:59  Baneling Nest, Extractor, Zergling x12  
  45  4:11  Drone x4, Roach Warren  
  49  4:17  Drone  
  49  4:23  Drone x5  
  54  4:29  Drone x3  
  57  4:36  Evolution Chamber  
  57  4:38  Drone x3  
  59  4:45  Drone  
  60  4:48  Baneling x4  
  60  4:53  Glial Reconstitution  
  60  5:00  Drone x3  
  60  5:01  Drone x3  
  60  5:03  Zerg Missile Weapons Level 1  
  60  5:16  Overlord x2  
  60  5:18  Roach x4  
  60  5:20  Roach  
  70  5:27  Roach x2  
  74  5:34  Roach  
  74  5:35  Roach x5  
  86  5:41  Roach  
  86  5:42  Roach  
  90  5:49  Overlord x2  
  90  5:55  Hydralisk Den  
  90  5:56  Ravager  
  90  5:58  Overlord  
  90  6:14  Roach x8  
  106  6:28  Burrow  
  106  6:39  Roach x2  
  88  6:52  Roach x9  
  100  7:01  Overlord  
  99  7:12  Roach  
  100  7:25  Lurker Den  
  100  7:28  Overlord x2  
  100  7:35  Drone x4  
  100  7:36  Zerg Missile Weapons Level 2  
  108  7:41  Roach x10  
  108  7:42  Roach x10  
  108  7:48  Hatchery x2  
  102  7:53  Roach x8  
  119  8:14  Roach x2  
  119  8:16  Overlord x2  
  123  8:20  Overlord x2  
  123  8:33  Hatchery  
  122  8:42  Overlord x4  
  123  8:48  Ravager x2  
  123  8:49  Ravager x6  
  130  9:01  Evolution Chamber, Hydralisk x2  
  133  9:24  Evolution Chamber  
  133  9:25  Hydralisk x5  
  133  9:26  Evolution Chamber  
  133  9:27  Evolution Chamber  
  133  9:28  Evolution Chamber  
  133  9:30  Extractor  
  138  9:33  Extractor  
  138  9:34  Hatchery  
  138  9:36  Lurker  
  137  9:47  Extractor  
  137  9:50  Extractor  
  135  9:53  Zerg Ground Armor Level 1  
  135  9:59  Lurker x2  
  137  10:01  Drone  
  137  10:02  Drone x6  
  144  10:14  Lurker  
  145  10:21  Overseer  
  145  10:34  Extractor x2  
  131  11:21  Hatchery, Roach x8  
  131  11:22  Roach x7  
  160  11:34  Overlord x2  
  160  11:35  Extractor  
  146  12:26  Drone x6  
  146  12:28  Drone  
  146  12:29  Drone x2  
  155  12:33  Queen x2  
  159  12:46  Lurker x2  
  159  12:47  Lurker  
  159  12:50  Ravager  
  159  12:51  Ravager x4  
  161  12:53  Overlord  
  161  12:54  Overlord  
  161  13:01  Evolution Chamber  
  161  13:04  Evolution Chamber  
  161  13:05  Evolution Chamber  
  158  13:09  Overseer x3  
  158  13:12  Overlord x2  
  158  13:14  Overlord x2  
  158  13:15  Drone x3  
  148  13:44  Hydralisk x4  
  148  13:45  Hydralisk x5  
  163  14:11  Lurker x2  
  163  14:12  Lurker  
  162  14:41  Overseer x2  
  162  14:44  Spore Crawler  
  162  14:45  Spore Crawler, Lurker x4  
Show
View Real Time Build Order
Export as new Build Order

Tesla Zerg 

Build Orders: Hatch First, Lurkers 

Get SALT Encoding   

  12  0:01  Drone  
  13  0:17  Overlord  
  13  0:19  Drone  
  14  0:50  Drone  
  14  0:51  Hatchery  
  14  1:11  Drone x2  
  14  1:13  Drone, Spawning Pool  
  16  1:22  Extractor  
  16  1:25  Drone  
  16  1:35  Drone  
  17  1:48  Drone  
  17  1:50  Extractor  
  17  1:54  Drone  
  17  1:59  Queen  
  20  2:02  Queen  
  20  2:04  Overlord  
  22  2:09  Drone  
  22  2:14  Zergling x2  
  24  2:24  Zergling x2  
  24  2:25  Drone  
  26  2:30  Drone  
  27  2:41  Drone x2  
  29  2:47  Overlord  
  29  2:51  Drone  
  30  2:59  Metabolic Boost  
  30  3:01  Drone x2  
  31  3:13  Drone x4  
  35  3:25  Drone x5  
  40  3:35  Drone x2  
  40  3:36  Drone  
  41  3:52  Overlord x2, Roach Warren  
  40  3:58  Queen  
  40  3:59  Overlord  
  42  4:03  Overlord  
  42  4:28  Zergling x4  
  44  4:32  Roach  
  44  4:33  Roach x8  
  62  4:43  Overlord  
  62  4:45  Roach x4  
  70  5:03  Roach  
  70  5:04  Roach x6  
  84  5:08  Overlord  
  84  5:11  Overlord  
  82  5:23  Overlord  
  81  5:43  Ravager x2  
  81  5:44  Ravager x5  
  81  5:45  Ravager  
  81  5:46  Zergling x2  
  81  5:47  Zergling x16  
  98  6:01  Hatchery  
  98  6:02  Zergling x2  
  98  6:03  Zergling x14  
  105  6:17  Zergling x2  
  105  6:18  Zergling x4  
  85  6:40  Roach  
  85  6:41  Roach x9  
  99  6:59  Zergling x2  
  99  7:00  Zergling x4  
  96  7:11  Zergling x2  
  94  7:16  Ravager x2  
  94  7:17  Ravager  
  94  7:22  Extractor x2  
  83  7:33  Queen  
  85  7:40  Drone x8  
  91  7:59  Drone  
  91  8:00  Drone  
  91  8:03  Lair, Evolution Chamber  
  91  8:04  Evolution Chamber  
  91  8:18  Roach  
  93  8:20  Extractor  
  93  8:23  Extractor  
  91  8:31  Zergling x6  
  91  8:32  Zergling x10  
  91  8:33  Drone  
  91  8:34  Drone x4  
  104  8:45  Zerg Missile Weapons Level 1, Zerg Ground Armor Level 1  
  104  9:05  Hydralisk Den  
  103  9:16  Zergling x2  
  105  9:17  Zergling x2  
  105  9:19  Overlord  
  105  9:20  Overlord x4  
  105  9:26  Spine Crawler  
  105  9:27  Lurker Den  
  105  9:30  Spine Crawler  
  105  9:31  Spine Crawler  
  102  9:39  Ravager x6  
  108  9:47  Spine Crawler  
  104  10:04  Zergling x18  
  104  10:05  Zergling x14  
  117  10:18  Hydralisk x7  
  86  11:09  Hatchery  
  73  11:13  Lurker  
  73  11:14  Lurker x6  
  59  11:44  Overseer  
  59  11:53  Zergling x2  
  59  11:54  Zergling x18  
  59  12:18  Hydralisk x2  
  61  12:29  Roach x2  
  52  12:52  Roach x3  
  58  13:18  Hatchery  
  51  13:47  Ravager x3  
  51  13:48  Ravager  
  55  13:51  Ravager  
  48  13:59  Overseer  
  34  14:34  Drone  
Tags
 
Add a new tag
Caveats
  • Supply blocks, unpowered buildings, or Contaminate may cause inaccurate times.
  • Supply counts are checked every 10 seconds.